[Event "*** Titled Tuesday Blitz"]
[Site "Chess.com"]
[Date "2021.03.02"]
[Round "5"]
[White "sbouchet"]
[Black "Aradhya2000"]
[Result "0-1"]
[WhiteElo "2341"]
[BlackElo "2525"]
[TimeControl "180+1"]
[EndTime "10:54:09 PST"]
[Termination "Aradhya2000 won by resignation"]

1. e3 d5 2. d4 Nf6 3. c4 e6 4. Nc3 Nbd7 5. Nf3 Be7 6. Be2 O-O 7. O-O b6 8. cxd5 exd5 9. h3 Bb7 10. b3 a6 11. Bb2 Bd6 12. Rc1 Qe7 13. Qc2 Rfe8 14.
Rfd1 Rad8 15. Qf5 g6 16. Qg5 Nf8 17. Ne5 Ne6 18. Qh4 Ng7 19. f4 Nf5 20. Qf2 h5 21. Bf3 h4 22. Ne2 c5 23. g4 hxg3 24. Nxg3 Bc8 25.
Nxf5 Bxf5 26. Bg4 Qe6 27. Qg3 Ne4 28. Qg2 cxd4 29. Bxd4 Bc5 30. Bxc5 bxc5 31. Bxf5 Qxf5 32. Qg4 Rxe5 33. fxe5 Qf2+ 34. Kh1 Ng3+ 0-1

[Event "*** Titled Tuesday Blitz"]
[Site "Chess.com"]
[Date "2021.03.02"]
[Round "5"]
[White "Make_it_shine060"]
[Black "blitis"]
[Result "0-1"]
[WhiteElo "2264"]
[BlackElo "2490"]
[TimeControl "180+1"]
[EndTime "10:54:09 PST"]
[Termination "blitis won by resignation"]

1. d4 g6 2. e4 Bg7 3. c4 d6 4.
Nc3 Nf6 5. Nge2 O-O 6. Ng3 c5 7. d5 a6 8. a4 e6 9. Bd3 exd5 10. cxd5 h5 11. Bg5 Qe8 12. O-O Nh7 13. Bf4 h4 14. Nge2 Qe7 15. Qd2 Nd7 16. Be3 h3 17. g3 Ne5 18. f4 Nxd3 19. Qxd3 Nf6 20. Rae1 Re8 21. e5 Bf5 22. exf6 Bxf6 23. Qc4 Qxe3+ 24. Kh1 Bxc3 25. Qxc3 Be4+ 0-1

[Event "*** Titled Tuesday Blitz"]
[Site "Chess.com"]
[Date "2021.03.02"]
[Round "5"]
[White "Fy_Rakotomaharo"]
[Black "Malev212"]
[Result "1-0"]
[WhiteElo "2751"]
[BlackElo "2563"]
[TimeControl "180+1"]
[EndTime "10:54:10 PST"]
[Termination "Fy_Rakotomaharo won on time"]

1. d4 Nf6 2. Bf4 c5 3. e3 Qb6 4. Nc3 cxd4 5. exd4 e6 6. a3 Be7 7. Nf3 O-O 8. Bd3 d6 9. O-O a6 10. h3 Nbd7 11. Na4 Qc7 12. c4 b6 13. Rc1 Bb7 14. b4 e5 15. dxe5 dxe5 16. Bg3 Rad8 17. Qe2 Rfe8 18. Nc3 Bd6 19. Ne4 Nxe4 20. Bxe4 Bxe4 21.
Qxe4 Nf6 22. Qe3 e4 23. Nd4 Bxg3 24. fxg3 Rxd4 25. Qxd4 Qxg3 26. Qxb6 e3 27. Rce1 Nh5 28. Qd4 e2 29. Rf2 Nf4 30. Qxf4 1-0

[Event "*** Titled Tuesday Blitz"]
[Site "Chess.com"]
[Date "2021.03.02"]
[Round "5"]
[White "tgpgoat"]
[Black "Chernov_Alexander_A"]
[Result "1/2-1/2"]
[WhiteElo "2096"]
[BlackElo "2277"]
[TimeControl "180+1"]
[EndTime "10:54:10 PST"]
[Termination "Game drawn by repetition"]

1. d4 Nf6 2. Nf3 e6 3. Bg5 c5 4. Nc3 cxd4 5. Qxd4 Nc6 6. Qh4 Be7 7. e4 Qa5 8. O-O-O d6 9. Bb5 Bd7 10. Qg3 O-O-O 11. Kb1 a6 12. Bc4 Ne5 13. Nxe5 dxe5 14. Be3 g6 15. f3 b5 16. Bb3 b4 17. Ne2 Bb5 18. Qf2 Rxd1+ 19. Rxd1 Rd8 20. Bb6 Rxd1+ 21. Nc1 Nxe4 22. fxe4 Bg5 23. Qc5+ Kd7 24. Qc7+ Ke8 25. Qc8+ Ke7 26. Qc5+ Ke8 27. Qc8+ Ke7 28. Qc5+ Ke8 29. Qc8+ 1/2-1/2

[Event "*** Titled Tuesday Blitz"]
[Site "Chess.com"]
[Date "2021.03.02"]
[Round "5"]
[White "LileKoridze"]
[Black "rychessmaster1"]
[Result "0-1"]
[WhiteElo "2407"]
[BlackElo "2608"]
[TimeControl "180+1"]
[EndTime "10:54:11 PST"]
[Termination "rychessmaster1 won by checkmate"]

1. d4 Nf6 2. c4 e6 3. Nc3 Bb4 4. e3 b6 5. Nf3 Bb7 6. Bd3 O-O 7. O-O Bxc3 8. bxc3 d6 9. Nd2 Nbd7 10. f3 e5 11. Qc2 Re8 12. Bb2 Qe7 13. Rae1 h6 14. e4 Qe6 15. f4 Qg4 16. f5 exd4 17. cxd4 c5 18. Be2 Qg5 19. Bf3 cxd4 20. Bxd4 Ne5 21. Be3 Qh4 22. Bf2 Nxf3+ 23. Nxf3 Bxe4 24. Qd1 Qg4 25. Nd4 Qxg2# 0-1

[Event "*** Titled Tuesday Blitz"]
[Site "Chess.com"]
[Date "2021.03.02"]
[Round "5"]
[White "LyonBeast"]
[Black "PaulfromSPb"]
[Result "0-1"]
[WhiteElo "3093"]
[BlackElo "2724"]
[TimeControl "180+1"]
[EndTime "10:54:12 PST"]
[Termination "PaulfromSPb won by resignation"]

1. d4 Nf6 2. Bf4 d5 3. e3 c5 4. c3 Qb6 5. Qb3 c4 6. Qc2 g6 7. Ne2 Bf5 8. Qc1 Bg7 9. Ng3 Nbd7 10.
Nd2 O-O 11. Nxf5 gxf5 12. Be2 Ne4 13. g4 e5 14. dxe5 Bxe5 15. gxf5 Bxf4 16. Nxe4 dxe4 17.
exf4 Nc5 18. Qe3 Qxb2 19. O-O Nd3 20. Rab1 Qxc3 21. Rxb7 Kh8 22. Qxe4 Rae8 23. Qf3 Qc2 24. Bxd3 cxd3 25. Rd7 Rg8+ 26. Kh1 d2 27. Rxf7 Re1 28.
Rxh7+ Kxh7 29. Qh5+ Kg7 30. Qg6+ Kf8 31. Qd6+ Ke8 32. Qb8+ Kd7 33. Qxa7+ Kd6 34. Qd4+ Kc6 35. Qf6+ Kb5 0-1

[Event "*** Titled Tuesday Blitz"]
[Site "Chess.com"]
[Date "2021.03.02"]
[Round "5"]
[White "djano"]
[Black "TimKett"]
[Result "1-0"]
[WhiteElo "2474"]
[BlackElo "2192"]
[TimeControl "180+1"]
[EndTime "10:54:13 PST"]
[Termination "djano won on time"]

1. e4 e5 2. Nf3 Nc6 3. Bb5 a6 4. Ba4 f5 5. d3 fxe4 6. dxe4 Nf6 7. Nc3 Bc5 8. Bb3 d6 9. Bg5 Bg4 10. h3 Bxf3 11. Qxf3 Nd4 12. Qd3 Nxb3 13. axb3 O-O 14. Be3 Bxe3 15. Qxe3 Qe8 16. g4 c6 17. O-O-O Qe6 18. Rd2 Rad8 19. Rhd1 a5 20. Qe2 b5 21.
g5 Ne8 22. h4 Nc7 23. Qe3 c5 24. Qe2 b4 25. Nd5 Nxd5 26. Rxd5 Qe7 27. Qa6 Qc7 28.
Rxd6 Rxd6 29. Rxd6 Rxf2 30. Qa8+ Kf7 31. Qd5+ Kf8 32.
Qxe5 Rf1+ 33. Kd2 1-0

[Event "*** Titled Tuesday Blitz"]
[Site "Chess.com"]
[Date "2021.03.02"]
[Round "5"]
[White "Babujj"]
[Black "aljado"]
[Result "0-1"]
[WhiteElo "2450"]
[BlackElo "2142"]
[TimeControl "180+1"]
[EndTime "10:54:13 PST"]
[Termination "aljado won by resignation"]

1. e4 c5 2. Nf3 e6 3. d4 cxd4 4.
Nxd4 Bc5 5. Nb3 Bb6 6. Nc3 Ne7 7.
Bf4 O-O 8. Qh5 d5 9. Bd3 g6 10. Qh6 Nbc6 11. O-O-O a5 12. h4 Kh8 13. exd5 Ng8 14.
Qg5 f6 15. Qg3 exd5 16. h5 g5 17. Bd6 Rf7 18. Nc5 f5 19. Nxd5 f4 20. Qf3 Qxd6 21. Nxb6 Qxc5 22. Nxa8 Nd4 23. Qe4 Bf5 24. Qxd4+ Qxd4 25.
Bxf5 Qa7 26. Rd8 Rxf5 27. Re1 Qxf2 28. Ree8 Qf1+ 29. Kd2 Qxg2+ 30. Kd1 Rd5+ 0-1

[Event "*** Titled Tuesday Blitz"]
[Site "Chess.com"]
[Date "2021.03.02"]
[Round "5"]
[White "Frogo47"]
[Black "BrandonJacobson"]
[Result "0-1"]
[WhiteElo "2534"]
[BlackElo "2792"]
[TimeControl "180+1"]
[EndTime "10:54:16 PST"]
[Termination "BrandonJacobson won on time"]

1. e4 c5 2. Nf3 Nc6 3. d4 cxd4 4. Nxd4 Nf6 5. Nc3 d6 6. Nd5 Nxd5 7. exd5 Qa5+ 8. Bd2 Qxd5 9. Nb5 Qe6+ 10. Be2 Qd7 11. c4 e6 12. O-O Be7 13. Be3 O-O 14. Qd2 b6 15. Rfd1 Rd8 16. Rac1 Bb7 17. f4 Bf6 18. b3 d5 19. cxd5 exd5 20. Nd4 Nxd4 21. Bxd4 Qd6 22.
Bg4 g6 23. Bxf6 Qxf6 24. Rc7 Rab8 25. Qd4 Qd6 26. Rdc1 Re8 27. Bf3 Re7 28. Rxe7 Qxe7 29. h3 h5 30. g3 Qd6 31. Kf2 Re8 32. b4 Bc8 33. h4 Bg4 34. Bxd5 Re2+ 35. Kf1 Qe7 36. f5 Bh3+ 37. Kg1 Bxf5 38. Bf3 Rxa2 39. Qc3 Qd6 0-1

[Event "*** Titled Tuesday Blitz"]
[Site "Chess.com"]
[Date "2021.03.02"]
[Round "5"]
[White "kamilianin235"]
[Black "chescomhuynya"]
[Result "0-1"]
[WhiteElo "2189"]
[BlackElo "2565"]
[TimeControl "180+1"]
[EndTime "10:54:16 PST"]
[Termination "chescomhuynya won by resignation"]

1. e4 c5 2. Nf3 d6 3. d4 cxd4 4. Nxd4 Nf6 5. Nc3 a6 6. Bc4 e6 7. O-O b5 8. Bb3 Be7 9. f4 Qc7 10. Qf3 Bb7 11. Bxe6 O-O 12. Nd5 Bxd5 13. Bxd5 Nxd5 14.
exd5 Bf6 15. Be3 Nd7 16. c3 Nb6 17. Nf5 g6 18. Bd4 Bxd4+ 19. Nxd4 Qc4 20. Nc6 Rae8 21.
Rfd1 Re2 22. b3 Qc5+ 23. Rd4 Rfe8 24. b4 Qxd4+ 25. Nxd4 R2e3 26. Qf2 Nxd5 27. g3 Nxc3 28. Rc1 Rd3 29. Qc2 Ree3 30. Qxd3 Rxd3 31. Nb3 Ne2+ 32.
Kf2 Nxc1 33. Nxc1 Rd2+ 34. Ke3 Rc2 35. Nb3 Rxa2 0-1

[Event "*** Titled Tuesday Blitz"]
[Site "Chess.com"]
[Date "2021.03.02"]
[Round "5"]
[White "rpragchess"]
[Black "Iskusnyh"]
[Result "1-0"]
[WhiteElo "2862"]
[BlackElo "2604"]
[TimeControl "180+1"]
[EndTime "10:54:17 PST"]
[Termination "rpragchess won by resignation"]

1. Nf3 d5 2. c4 c6 3. g3 Nf6 4.
Bg2 Bf5 5. O-O e6 6. cxd5 exd5 7. d3 Nbd7 8. Nc3 Be7 9. Qc2 O-O 10. e4 dxe4 11. dxe4 Bg4 12. h3 Bxf3 13. Bxf3 Ne5 14. Bg2 Qd3 15. Qb3 Bc5 16. Bf4 Ng6 17. Rad1 Qa6 18.
Bg5 Rad8 19. Kh2 Rxd1 20. Qxd1 Ne5 21. Bxf6 gxf6 22. Qh5 Bd4 23. f4 Ng6 24. e5 Bxc3 25. bxc3 Qa5 26. Qg4 Kh8 27. exf6 Qxc3 28. f5 Rg8 29.
fxg6 Rxg6 30. Qc8+ Rg8 31. Qc7 b5 32. Rf3 1-0

[Event "*** Titled Tuesday Blitz"]
[Site "Chess.com"]
[Date "2021.03.02"]
[Round "5"]
[White "Lovkov_Roman"]
[Black "Grieve72"]
[Result "1-0"]
[WhiteElo "2716"]
[BlackElo "2533"]
[TimeControl "180+1"]
[EndTime "10:54:17 PST"]
[Termination "Lovkov_Roman won by checkmate"]

1. e4 c5 2. d4 cxd4 3. c3 Nf6 4. e5 Nd5 5. Nf3 e6 6. cxd4 d6 7. Bc4 Be7 8. O-O O-O 9. h3 b6 10. Bxd5 exd5 11. Nc3 Be6 12. Bf4 Nc6 13. Rc1 Rc8 14. Qa4 Qd7 15. exd6 Bxd6 16. Bxd6 Qxd6 17. Nb5 Qd7 18.
Rc3 Na5 19. Ne5 Qe7 20. Rfc1 Rxc3 21. Rxc3 Rc8 22. Rxc8+ Bxc8 23. Nxa7 Bf5 24. Qb5 f6 25. Qxd5+ Be6 26. Qa8+ Qe8 27. Qxe8# 1-0

[Event "*** Titled Tuesday Blitz"]
[Site "Chess.com"]
[Date "2021.03.02"]
[Round "5"]
[White "FeketeBarika"]
[Black "ama18"]
[Result "1-0"]
[WhiteElo "2267"]
[BlackElo "2454"]
[TimeControl "180+1"]
[EndTime "10:54:18 PST"]
[Termination "FeketeBarika won on time"]

1. Nf3 Nf6 2. g3 b5 3. Bg2 Bb7 4. O-O e6 5. c4 bxc4 6. Qa4 Be7 7. Qxc4 O-O 8. d4 d5 9. Qc2 Nbd7 10. Be3 Rc8 11. Nc3 c5 12. Rfd1 cxd4 13. Bxd4 Bc5 14. Bxc5 Nxc5 15. Qd2 Nce4 16. Nxe4 Nxe4 17. Qf4 Qb6 18. Ne5 Nf6 19. b3 Rc2 20. e3 Rfc8 21. h4 Qc7 22. Qd4 Qc5 23. Qd3 Qc3 24. Qb5 Qxe5 25.
Qxb7 Ng4 26. Rf1 Rb8 27. Qxa7 Rbc8 28. Qb7 Rb8 29. Qa7 Rbc8 30. Rad1 h6 31. a4 Rb2 32.
Rd3 Rcc2 33. e4 dxe4 34. Rd8+ Kh7 35. Qxf7 Nf6 36. h5 Qf5 37. Rf8 Rxf2 38. Qg6+ Qxg6 39. hxg6+ Kxg6 40. Rxf2 Rxb3 41. Ra2 Rb1+ 42. Bf1 e3 43. a5 Ng4 44. a6 1-0

[Event "*** Titled Tuesday Blitz"]
[Site "Chess.com"]
[Date "2021.03.02"]
[Round "5"]
[White "Andrakhanova"]
[Black "Azde"]
[Result "1-0"]
[WhiteElo "2267"]
[BlackElo "2427"]
[TimeControl "180+1"]
[EndTime "10:54:18 PST"]
[Termination "Andrakhanova won by resignation"]

1. c4 Nf6 2. g3 e6 3. Nc3 c5 4.
Bg2 Nc6 5. e3 Be7 6. Nge2 O-O 7. d4 cxd4 8. Nxd4 a6 9. O-O Qc7 10. b3 d6 11. Bb2 Bd7 12. Rc1 Ne5 13.
h3 Rfd8 14. Kh2 Rac8 15. Qe2 Qb8 16. Rfd1 Be8 17. Rd2 h5 18. Rcd1 h4 19. g4 d5 20.
f4 Ng6 21. cxd5 exd5 22. Qf2 Bb4 23. Rd3 Bxc3 24. Rxc3 Rxc3 25. Bxc3 Ne4 26. Bxe4 dxe4 27. Rc1 Qd6 28. Nf5 Qa3 29. Rc2 f6 30. Nxh4 Nxh4 31. Qxh4 Rd3 32. Bd4 Bc6 33. g5 Rxd4 34. exd4 e3 35.
g6 Qd6 36. Qh7+ Kf8 37. Qh8+ Ke7 38. Qxg7+ Kd8 39. Kg3 Kc8 40. Qf7 Qd5 41. Qxd5 1-0

[Event "*** Titled Tuesday Blitz"]
[Site "Chess.com"]
[Date "2021.03.02"]
[Round "5"]
[White "zurzan"]
[Black "HanSchut"]
[Result "0-1"]
[WhiteElo "2053"]
[BlackElo "2225"]
[TimeControl "180+1"]
[EndTime "10:54:18 PST"]
[Termination "HanSchut won by resignation"]

1. f4 Nh6 2. Nf3 g6 3. g3 Bg7 4. Bg2 O-O 5. O-O f6 6. e4 Nf7 7. d4 e5 8. d5 d6 9. c4 f5 10. exf5 Bxf5 11. Nh4 Bxb1 12. Rxb1 exf4 13. Bxf4 g5 14.
Nf5 gxf4 15. Nxg7 Kxg7 16. Rxf4 Nd7 17. Qd4+ Nfe5 18. Rbf1 Qe7 19. Bh3 Nf6 20. Be6 c5 21. Qe3 Ng6 22. Rf5 Ng4 23. Qf3 N4e5 24. Qc3 Rxf5 25.
Rxf5 Rf8 26. Rxf8 Qxf8 27. h4 Qf3 28. Qxf3 Nxf3+ 29. Kg2 Ne1+ 30. Kh3 Nd3 31. b3 Nc1 32. Bc8 b6 33. h5 Ne5 0-1

[Event "*** Titled Tuesday Blitz"]
[Site "Chess.com"]
[Date "2021.03.02"]
[Round "5"]
[White "Matols"]
[Black "Vamostodorecto"]
[Result "1-0"]
[WhiteElo "2281"]
[BlackElo "2422"]
[TimeControl "180+1"]
[EndTime "10:54:19 PST"]
[Termination "Matols won on time"]

1. d4 Nf6 2. c4 c5 3. d5 e6 4. Nc3 exd5 5. cxd5 d6 6. e4 g6 7. h3 Bg7 8. Nf3 O-O 9. Bd3 b5 10.
Nxb5 Nxe4 11. Bxe4 Qa5+ 12. Nc3 Re8 13. Ng5 h6 14. Ne6 fxe6 15. O-O e5 16. Bxg6 Rf8 17. Qh5 Qc7 18. Nb5 Qe7 19. Bxh6 Ba6 20. Bh7+ Kh8 21. Bxg7+ Kxg7 22. Bf5 Rxf5 23. Qxf5 Bxb5 24. Rfe1 Nd7 25. Re3 Nf6 26. Rg3+ Kf7 27. Qg6+ Kf8 28. Rf3 1-0

[Event "*** Titled Tuesday Blitz"]
[Site "Chess.com"]
[Date "2021.03.02"]
[Round "5"]
[White "maxip32"]
[Black "horripile"]
[Result "0-1"]
[WhiteElo "2528"]
[BlackElo "2697"]
[TimeControl "180+1"]
[EndTime "10:54:20 PST"]
[Termination "horripile won on time"]

1. e4 c5 2. Nf3 Nc6 3. d4 cxd4 4. Nxd4 e6 5. Nc3 Qc7 6. Be3 a6 7. Qf3 Bd6 8. O-O-O Be5 9. g3 Nf6 10. Qe2 O-O 11.
f4 Bxd4 12. Bxd4 Nxd4 13. Rxd4 e5 14. Rc4 Qb8 15. f5 b5 16. Rb4 Bb7 17. Bg2 Bc6 18.
Nd5 Bxd5 19. exd5 Qd6 20. Rh4 Rac8 21. g4 Rc4 22. Rd1 Rfc8 23. Rd2 h6 24. Qf3 Rf4 25.
Qg3 Qc5 26. Qe1 d6 27. Rh3 Rxg4 28. Rc3 Rc4 29. Rxc4 Qxc4 30. Kb1 Qf4 31. Rf2 Qxh2 32. a4 bxa4 33. Bf3 Qg3 0-1

[Event "*** Titled Tuesday Blitz"]
[Site "Chess.com"]
[Date "2021.03.02"]
[Round "5"]
[White "MFguimaraes"]
[Black "maheswaran26"]
[Result "0-1"]
[WhiteElo "2394"]
[BlackElo "2284"]
[TimeControl "180+1"]
[EndTime "10:54:21 PST"]
[Termination "maheswaran26 won by checkmate"]

1. e4 c6 2. Bc4 d5 3. Bb3 dxe4 4.
Qh5 e6 5. Nc3 Nf6 6. Qh4 Nbd7 7.
f3 Nc5 8. fxe4 Nfxe4 9. Qxd8+ Kxd8 10. Nxe4 Nxe4 11. Nf3 Be7 12. d4 a5 13. a4 Bd7 14. O-O Nd6 15. c4 h5 16. Bf4 Nf5 17. Rae1 Bf6 18. Ne5 Be8 19. d5 Nd4 20. dxe6 fxe6 21.
Rd1 c5 22. Nf3 Ke7 23. Rd3 Nxf3+ 24. Rfxf3 Rd8 25. Rxd8 Kxd8 26. Bc2 Bc6 27. Re3 Bd4 28. Kf1 Rf8 29. Ke2 Rxf4 30. Rg3 Rf2+ 31. Kd1 Rxg2 32. Rh3 e5 33. b3 e4 34. Rxh5 e3 35. Rh8+ Kc7 36. Bd3 Bf3+ 37. Kc1 Rg1+ 38. Kc2 Bd1+ 39.
Kb1 Bxb3+ 40. Bf1 Rxf1# 0-1

[Event "*** Titled Tuesday Blitz"]
[Site "Chess.com"]
[Date "2021.03.02"]
[Round "5"]
[White "zverr1"]
[Black "Chamal_Gedgafov"]
[Result "0-1"]
[WhiteElo "2459"]
[BlackElo "2291"]
[TimeControl "180+1"]
[EndTime "10:54:21 PST"]
[Termination "Chamal_Gedgafov won by resignation"]

1. e4 e6 2. c4 d5 3. exd5 exd5 4. cxd5 Nf6 5. d4 Nbd7 6. Bd3 Nb6 7. Nf3 Nbxd5 8. O-O Be7 9. Bg5 O-O 10. Nc3 Bg4 11.
Re1 Re8 12. h3 Bh5 13. Rc1 c6 14. Bf5 Bg6 15. Bxg6 hxg6 16. Ne5 Nxc3 17. bxc3 Qd5 18. Qb3 Rab8 19. c4 Qxd4 20. Rcd1 Qb6 21. Qf3 Rbd8 22. Rb1 Qc7 23. Bf4 Bd6 24. c5 Bxe5 25. Rxe5 Rxe5 26. Qg3 Rde8 27. Bxe5 Qxe5 28. Qa3 Qb8 29. g3 Nd5 30. Kg2 b6 31. Qa4 b5 32.
Qa5 Qb7 33. Qd2 Qe7 34. Kf1 Qe4 35. Kg1 Qxb1+ 0-1

[Event "*** Titled Tuesday Blitz"]
[Site "Chess.com"]
[Date "2021.03.02"]
[Round "5"]
[White "AwareIdea"]
[Black "suneebaker"]
[Result "1-0"]
[WhiteElo "2440"]
[BlackElo "2158"]
[TimeControl "180+1"]
[EndTime "10:54:22 PST"]
[Termination "AwareIdea won by resignation"]

1. d4 Nf6 2. c4 e6 3. g3 c5 4. d5 exd5 5. cxd5 d6 6. Nc3 g6 7.
Bg2 Bg7 8. Nf3 O-O 9. O-O a6 10. a4 Re8 11. Bf4 Bf5 12. Qb3 Qc7 13. Nd2 h5 14.
Nc4 Bf8 15. Nb6 Ra7 16. f3 Nbd7 17. a5 Ne5 18. e4 Bc8 19. Rfd1 Bg7 20. Qc2 c4 21.
Be3 Nfg4 22. Bd4 Nd3 23. Bxg7 Kxg7 24. fxg4 Qc5+ 25. Kf1 Bxg4 26. Rxd3 cxd3 27. Qxd3 Qb4 28. Qd2 f5 29. Ra4 Qc5 30. Qd4+ Qxd4 31. Rxd4 fxe4 32. Nxe4 1-0

[Event "*** Titled Tuesday Blitz"]
[Site "Chess.com"]
[Date "2021.03.02"]
[Round "5"]
[White "tomsishere"]
[Black "olksuna"]
[Result "0-1"]
[WhiteElo "2498"]
[BlackElo "2676"]
[TimeControl "180+1"]
[EndTime "10:54:23 PST"]
[Termination "olksuna won by checkmate"]

1. Nf3 c5 2. b3 d6 3. Bb2 e5 4. g3 g6 5. Bg2 Bg7 6. O-O Ne7 7. e4 O-O 8. c3 Nbc6 9. Na3 f5 10. exf5 gxf5 11. h4 d5 12. d4 e4 13. Ng5 cxd4 14. cxd4 f4 15. Bh3 Nf5 16. gxf4 h6 17. Qh5 hxg5 18.
hxg5 Nfxd4 19. g6 Rxf4 20. Qh7+ Kf8 21. Nb5 Qg5+ 22. Kh1 Bxh3 23. Ba3+ Ne7 24. Nxd4 Qg2# 0-1

[Event "*** Titled Tuesday Blitz"]
[Site "Chess.com"]
[Date "2021.03.02"]
[Round "5"]
[White "Chandradi"]
[Black "FontVella8"]
[Result "1-0"]
[WhiteElo "2355"]
[BlackElo "2489"]
[TimeControl "180+1"]
[EndTime "10:54:23 PST"]
[Termination "Chandradi won by checkmate"]

1. c4 e5 2. g3 Nc6 3. Bg2 d6 4. Nc3 Be6 5. d3 Qd7 6. h3 g6 7. Nf3 Bg7 8. Ng5 Nge7 9. O-O O-O 10. Nxe6 fxe6 11. Rb1 d5 12. b4 a6 13. b5 Nd8 14.
Qb3 d4 15. Ne4 Nf5 16. a4 Nd6 17. Nc5 Qc8 18. b6 c6 19. Ba3 N8f7 20. h4 Re8 21. Bh3 Bf8 22. a5 Nf5 23. Kg2 Bd6 24. Ne4 Bxa3 25.
Nf6+ Kh8 26. Nxe8 Be7 27. Nc7 Rb8 28. c5 Nd8 29. Rbc1 Kg7 30. h5 g5 31. Bxf5 exf5 32. h6+ Kg6 33. Qg8+ Kf6 34. Qg7# 1-0

[Event "*** Titled Tuesday Blitz"]
[Site "Chess.com"]
[Date "2021.03.02"]
[Round "5"]
[White "kidagent"]
[Black "KerryStead"]
[Result "1-0"]
[WhiteElo "2320"]
[BlackElo "2010"]
[TimeControl "180+1"]
[EndTime "10:54:25 PST"]
[Termination "kidagent won by resignation"]

1. e4 e5 2. Nf3 Nc6 3. Bb5 a6 4. Ba4 Nf6 5. O-O b5 6. Bb3 Bc5 7. d3 h6 8. a4 Rb8 9. axb5 axb5 10. Nc3 d6 11. h3 O-O 12. Ne2 Be6 13. c3 b4 14. Bxe6 fxe6 15. d4 exd4 16. cxd4 Bb6 17. Qc2 Qd7 18. Be3 Ne7 19. e5 Nfd5 20. Ng3 dxe5 21.
Nxe5 Qe8 22. Ne4 Nf5 23. Qc6 Ndxe3 24. fxe3 Qxc6 25. Nxc6 Ra8 26. Rae1 Ra2 27. Rf2 Rf7 28.
Nxb4 Nxe3 29. Rxf7 Kxf7 30. Nxa2 Bxd4 31. Kh1 Nc2 32.
Rf1+ Kg6 33. Nac3 e5 34. Nd5 c6 35. Ne7+ Kh7 36. Nxc6 1-0

[Event "*** Titled Tuesday Blitz"]
[Site "Chess.com"]
[Date "2021.03.02"]
[Round "5"]
[White "PushingpawnsNYC"]
[Black "Das_Virus_2020"]
[Result "1-0"]
[WhiteElo "2291"]
[BlackElo "2447"]
[TimeControl "180+1"]
[EndTime "10:54:27 PST"]
[Termination "PushingpawnsNYC won on time"]

1. e4 e6 2. d4 d5 3. Bd3 Nf6 4.
e5 Nfd7 5. f4 c5 6. c3 Nc6 7.
Nf3 cxd4 8. cxd4 Qb6 9. Bc2 Nb4 10. Nc3 Nxc2+ 11. Qxc2 Be7 12. O-O g6 13. Be3 h5 14.
a3 Kf8 15. Rac1 Kg7 16. Ng5 Qa6 17. Rf3 Nb6 18. Rg3 Bxg5 19. fxg5 Nc4 20. Rf1 Bd7 21.
Rgf3 Rhf8 22. Qf2 Be8 23. Bc1 Rc8 24. Rf6 Qb6 25. Nxd5 Qd8 26. Nf4 Bb5 27. g4 h4 28.
Qxh4 Rh8 29. Nh5+ gxh5 30. Rxf7+ Kg8 31. gxh5 Nxe5 32. Qe4 1-0

[Event "*** Titled Tuesday Blitz"]
[Site "Chess.com"]
[Date "2021.03.02"]
[Round "5"]
[White "KubaGepard"]
[Black "VladaSviridova"]
[Result "1-0"]
[WhiteElo "2394"]
[BlackElo "2224"]
[TimeControl "180+1"]
[EndTime "10:54:27 PST"]
[Termination "KubaGepard won by checkmate"]

1. d4 d5 2. Nf3 Nf6 3. Bf4 c5 4. e3 Nc6 5. Nbd2 e6 6. c3 Bd6 7. Bg3 O-O 8. Bd3 b6 9. Ke2 cxd4 10. exd4 Bb7 11. Bb5 a6 12. Ba4 b5 13. Bc2 b4 14. Bh4 Be7 15. Re1 bxc3 16. bxc3 Na5 17. Kf1 Rc8 18. Bxf6 Bxf6 19. Re3 g6 20. Nb3 Nc4 21.
Re1 Bc6 22. Nc5 Bb5 23. Kg1 Na3 24. Bd3 Qa5 25. Bxb5 Qxb5 26. Qd2 Be7 27. Qh6 Nc2 28. Rab1 Qc6 29. Ne5 Qa8 30. Re2 Na3 31. Re3 Bxc5 32. Rh3 Rfd8 33. Qxh7+ Kf8 34. Qxf7# 1-0

[Event "*** Titled Tuesday Blitz"]
[Site "Chess.com"]
[Date "2021.03.02"]
[Round "5"]
[White "A-Fier"]
[Black "kikydu96"]
[Result "1-0"]
[WhiteElo "2782"]
[BlackElo "2570"]
[TimeControl "180+1"]
[EndTime "10:54:28 PST"]
[Termination "A-Fier won by resignation"]

1. Nf3 Nf6 2. c4 c6 3. e3 d5 4. Nc3 a6 5. b3 Bg4 6. Bb2 e6 7.
Be2 Nbd7 8. d4 Bd6 9. h3 Bh5 10. Ne5 Bxe2 11. Nxe2 Ne4 12. O-O O-O 13. f3 Nef6 14.
Nf4 Qc7 15. Nfd3 c5 16. Rc1 cxd4 17. cxd5 Qb8 18. Nxd7 Nxd7 19. dxe6 fxe6 20. Bxd4 e5 21. Bb2 e4 22. fxe4 Rxf1+ 23. Qxf1 Qe8 24. Qf5 Qe7 25.
Rf1 Re8 26. Qd5+ Qe6 27. Qxb7 h6 28. Nf4 Qe7 29. Qd5+ Kh7 30. Ng6 Qxe4 31. Qxd6 Qxg6 32. Qxd7 Rxe3 33. Rf7 Re1+ 34. Kh2 1-0

[Event "*** Titled Tuesday Blitz"]
[Site "Chess.com"]
[Date "2021.03.02"]
[Round "5"]
[White "Ural_bogatyr"]
[Black "Supernotar"]
[Result "0-1"]
[WhiteElo "2503"]
[BlackElo "2686"]
[TimeControl "180+1"]
[EndTime "10:54:29 PST"]
[Termination "Supernotar won by resignation"]

1. e4 c6 2. d4 d5 3. e5 Bf5 4.
Nc3 e6 5. g4 Bg6 6. Nge2 c5 7.
h4 cxd4 8. Qxd4 Nc6 9. Qa4 h5 10. Nf4 Bh7 11. Nxh5 a6 12. Bg5 Qd7 13. f4 Nge7 14.
O-O-O O-O-O 15. f5 Kb8 16. Bf4 Rc8 17. Ne4 Bxf5 18. gxf5 Rxh5 19. Nd6 Nxf5 20. Nxc8 Qxc8 21. Bd3 b5 22. Bxb5 axb5 23. Qxb5+ Kc7 24. Rxd5 exd5 25.
Qxd5 Qe6 26. Qf3 Rxh4 27. Rxh4 Nxh4 28. Qc3 Nf5 29. a3 g5 30. Bxg5 Qxe5 31. Qd2 Bd6 32. c3 Qg3 33. b4 Ne5 34. Bf4 Qxf4 0-1

[Event "*** Titled Tuesday Blitz"]
[Site "Chess.com"]
[Date "2021.03.02"]
[Round "5"]
[White "KarateBaby"]
[Black "Nikolaj_6"]
[Result "0-1"]
[WhiteElo "2197"]
[BlackElo "2671"]
[TimeControl "180+1"]
[EndTime "10:54:29 PST"]
[Termination "Nikolaj_6 won by resignation"]

1. e4 c5 2. Nc3 e6 3. Nf3 a6 4.
d4 cxd4 5. Nxd4 Nc6 6. g3 Qc7 7. Bg2 Nf6 8. O-O Nxd4 9. Qxd4 Bc5 10. Bf4 d6 11. Qd2 h6 12. Rad1 e5 13. Be3 Be6 14. Bxc5 dxc5 15. f4 O-O 16. Nd5 Bxd5 17. exd5 Qd6 18.
c4 exf4 19. Qxf4 Rad8 20. Qxd6 Rxd6 21. Rfe1 b5 22. b3 bxc4 23. bxc4 Rb8 24. Rb1 Rdb6 25. Rxb6 Rxb6 26. Re2 Kf8 27. h3 Ne8 28. Re3 Nd6 29.
Bf1 Nf5 30. Rd3 Ke7 31. h4 Kd6 32. Bh3 Nd4 33. Bg2 g5 34. hxg5 hxg5 35. Be4 Rb1+ 36.
Kf2 Rb2+ 37. Kg1 Rxa2 38. Rd1 Ne2+ 39. Kh1 Nxg3+ 40. Kg1 0-1

[Event "*** Titled Tuesday Blitz"]
[Site "Chess.com"]
[Date "2021.03.02"]
[Round "5"]
[White "Klavdia_Nik"]
[Black "ecwinslow"]
[Result "0-1"]
[WhiteElo "2054"]
[BlackElo "2240"]
[TimeControl "180+1"]
[EndTime "10:54:30 PST"]
[Termination "ecwinslow won on time"]

1. Nf3 Nf6 2. c4 g6 3. b3 Bg7 4.
Bb2 O-O 5. g3 d6 6. d4 Nbd7 7.
d5 e5 8. dxe6 fxe6 9. Bg2 Qe7 10.
O-O e5 11. Nc3 c6 12. e4 Nc5 13. Qe2 Bg4 14. h3 Bxf3 15. Bxf3 Ne6 16. Bg2 Nd4 17. Qd3 h5 18. Ne2 c5 19. Nxd4 cxd4 20. Ba3 Nd7 21. Qd2 Kh7 22. Qa5 Nc5 23. Rad1 h4 24. b4 Ne6 25. Qd5 Rac8 26. c5 dxc5 27. bxc5 Nxc5 28. g4 Rfd8 29. Bxc5 Rxc5 30. Qb3 Rdc8 31. f4 Rc3 0-1